 Dungeon Crawl Stone Soup version 0.30-a0-339-g89bb51ec76 (webtiles) character file.

Game seed: 10828905595816658022

838 night the Conjurer (level 8, -5/46 HPs)
             Began as a Kobold Conjurer on Oct 31, 2022.
             Was a Follower of Uskayaw.
             Slain by a two-headed ogre
             ... wielding a +0 giant club
              (19 damage)
             ... on level 6 of the Dungeon.
             The game lasted 00:11:30 (5334 turns).

night the Conjurer (Kobold Conjurer)                Turns: 5334, Time: 00:11:30

Health: -5/46      AC:  6    Str:  5    XL:     8   Next: 19%
Magic:  7/14       EV: 15    Int: 21    God:    Uskayaw [*.....]
Gold:   386        SH:  0    Dex: 15    Spells: 5/15 levels left

rFire   . . .      SeeInvis .    a - +8 dagger of Decaying Tender Mercy {freeze, Dex+2}
rCold   + . .      Faith    .    (no shield)
rNeg    . . .      Spirit   .    o - +0 robe
rPois   .          Reflect  .    x - +1 helmet
rElec   .          Harm     .    p - +0 cloak
rCorr   .          Rampage  .    v - +0 pair of gloves
Will    .....                    (no boots)
Stlth   +++.......               (no amulet)
HPRegen 0.27/turn                C - ring of protection from cold
MPRegen 0.14/turn                (no ring)

@: no status effects
A: small, no large weapons, nightstalker 3
a: Renounce Religion, Stomp


You were on level 6 of the Dungeon.
You worshipped Uskayaw.
Uskayaw was noncommittal.
You visited 1 branch of the dungeon, and saw 6 of its levels.

You collected 386 gold pieces.

Inventory:

Hand Weapons
 a - the +8 dagger of Decaying Tender Mercy (weapon) {freeze, Dex+2}
   (You found it on level 2 of the Dungeon)

   It freezes those it strikes, dealing additional cold damage.
   It can also slow down cold-blooded creatures.
   Dex:       It affects your dexterity (+2).
 b - a +1 short sword of electrocution
Missiles
 g - 11 poisoned darts
 l - 21 stones
 B - 4 boomerangs
Armour
 o - a +0 robe (worn)
 p - a +0 cloak (worn)
 v - a +0 pair of gloves (worn)
 x - a +1 helmet (worn)
Jewellery
 C - a ring of protection from cold (left hand)
Wands
 u - a wand of roots (1)
Scrolls
 e - 7 scrolls of identify {unknown}
 f - a scroll of noise {unknown}
 h - 2 scrolls of enchant weapon {unknown}
 i - 2 scrolls of fear {unknown}
 s - 3 scrolls of immolation {unknown}
 t - a scroll of magic mapping {unknown}
 w - 3 scrolls of butterflies {unknown}
 y - a scroll of acquirement {unknown}
 z - a scroll of vulnerability {unknown}
 A - a scroll of blinking {unknown}
Potions
 c - 2 potions of degeneration
 d - 2 potions of invisibility {unknown}
 j - 3 potions of curing {unknown}
 k - a potion of magic
 m - a potion of lignification
 n - 2 potions of flight {unknown}
 q - a potion of cancellation {unknown}
 r - 2 potions of might {unknown}
 D - 2 potions of attraction {unknown}


   Skills:
 + Level 3.5 Fighting
 - Level 1.6 Short Blades
 - Level 3.0 Dodging
 - Level 2.7 Stealth
 + Level 4.0 Spellcasting
 * Level 6.5 Conjurations
 + Level 2.8 Hexes
 + Level 2.9 Translocations


You had 5 spell levels left.
You knew the following spells:

 Your Spells              Type           Power      Damage    Failure   Level
a - Magic Dart            Conj           100%       1d8       1%          1
b - Searing Ray           Conj           62%        2d6       1%          2
c - Dazzling Flash        Conj/Hex       46%        N/A       5%          3
d - Iskenderun's Mystic   Conj/Tloc      24%        2d7       17%         4

Your spell library contained the following spells:

 Spells                   Type           Power      Damage    Failure   Level
 Fulminant Prism          Conj/Hex       11%        3d9       17%         4
 Silence                  Hex/Air        5%         N/A       88%         5
 Agony                    Necr           4%         N/A       97%         5


Dungeon Overview and Level Annotations

Branches:
Dungeon (6/15)             Temple (0/1) D:5

Altars:
Kikubaaqudgha
Uskayaw


Innate Abilities, Weirdness & Mutations

You are small and have problems with some larger weapons.
You are completely attuned to the shadows.


Message History

An orc comes into view. It is wielding a +0 hand axe.
The adder attacks as you move away! The adder barely misses you. x2
Casting: Dazzling Flash (dangerous; 5% risk of failure)
Confirm with . or Enter, or press ? or * to list all spells.
Okay, then.
Aiming: Line Pass
Press: ? - help, Dir - move target The two-headed ogre appears confused.
The adder appears confused.
You can no longer pass through a line of other dancers.
The adder misses you.
The two-headed ogre seems less confused.
The adder seems less confused.
The adder bites you but does no damage.
Aiming: Fastroot
Press: ? - help, Shift-Dir - straight line, f - adder
Aim: an adder The roots erupt in riotous growth!
Roots grab the adder.
Roots grab the two-headed ogre.
The grasping roots constrict the adder.
The grasping roots constrict the two-headed ogre.
You hear a shout!
The adder bites you but does no damage.
The two-headed ogre struggles to escape constriction.
The grasping roots constrict the adder.
You kill the adder!
The grasping roots constrict the two-headed ogre!
The roots release their grip on the two-headed ogre.
You can now pass through a line of other dancers.
You can no longer pass through a line of other dancers.
Aiming: Fastroot
Press: ? - help, Shift-Dir - straight line, f - two-headed ogre
Aim: a two-headed ogre, wielding two +0 giant clubs (heavily wounded)
The roots erupt in riotous growth!
Roots grab the two-headed ogre.
The grasping roots constrict the two-headed ogre.
The two-headed ogre escapes!
The two-headed ogre attacks as you move away!
The two-headed ogre barely misses you.
The two-headed ogre hits you with a +0 giant club!!
You die...

############
...........#########
#.....##.....#.....##
....................###..
.................)......#
.....................##.#
........................##.
...........................
......)........O@.....####.
....[...............#.###
.......#....)....<......#
#........)###.....#.....#
######..#.# #.#####.....#
#.##.. #.....# .. ##..
#.....# #...#..


You could see a two-headed ogre.

Vanquished Creatures
  Sigmund (D:5)
  A black bear (D:5)
  A phantom (D:5)
  A necrophage (D:5)
  A scorpion (D:4)
  A hound (D:5)
  An orc priest (D:5)
  An iguana (D:5)
  4 orc wizards
  9 adders
  4 gnolls (D:2)
  A white imp (D:5)
  A worm (D:5)
  18 orcs
  A ball python (D:1)
  A bat (D:1)
  5 endoplasms
  3 giant cockroaches
  5 goblins
  5 hobgoblins
  8 jackals
  2 quokkas
  2 frilled lizards
  5 kobolds
  4 rats
86 creatures vanquished.

Notes
Turn   | Place    | Note
-------+----------+-------------------------------------------
     0 | D:1      | night the Kobold Conjurer began the quest for the Orb.
     0 | D:1      | Reached XP level 1. HP: 10/10 MP: 3/3
   263 | D:1      | You fall into a shaft and drop 1 floor!
   540 | D:1      | Reached XP level 2. HP: 16/16 MP: 0/5
   543 | D:1      | Learned a level 2 spell: Searing Ray
  1082 | D:2      | Reached skill level 1 in Short Blades
  1082 | D:2      | Reached XP level 3. HP: 18/20 MP: 2/6
  1181 | D:2      | Reached skill level 1 in Fighting
  1196 | D:2      | Reached XP level 4. HP: 14/25 MP: 1/7
  1281 | D:2      | Learned a level 3 spell: Dazzling Flash
  1629 | D:2      | Identified the +8 dagger of Decaying Tender Mercy {freeze,
                  | Dex+2}
  2439 | D:3      | Found an ancient bone altar of Kikubaaqudgha.
  2457 | D:3      | Reached XP level 5. HP: 29/29 MP: 9/9
  2897 | D:3      | Found a faded altar of an unknown god.
  2901 | D:3      | Prayed at the altar of an unknown god.
  2901 | D:3      | Became a worshipper of Uskayaw the Reveller
  2901 | D:3      | Reached * piety under Uskayaw
  3012 | D:4      | Reached ** piety under Uskayaw
  3187 | D:4      | Reached skill level 2 in Fighting
  3187 | D:4      | Reached skill level 5 in Conjurations
  3187 | D:4      | Reached skill level 1 in Hexes
  3187 | D:4      | Reached skill level 1 in Translocations
  3187 | D:4      | Reached XP level 6. HP: 13/35 MP: 7/10
  3192 | D:4      | Learned a level 4 spell: Iskenderun's Mystic Blast
  3698 | D:5      | Entered Level 5 of the Dungeon
  3923 | D:5      | Found a staircase to the Ecumenical Temple.
  3936 | D:5      | HP: 2/36 [orc wizard/puff of flame (8)]
  4088 | D:5      | Reached XP level 7. HP: 38/40 MP: 10/12
  4230 | D:5      | Reached skill level 2 in Hexes
  4230 | D:5      | Reached skill level 2 in Translocations
  4322 | D:5      | Reached *** piety under Uskayaw
  4562 | D:5      | Reached skill level 6 in Conjurations
  5127 | D:5      | Noticed Sigmund
  5137 | D:5      | Killed Sigmund
  5138 | D:5      | Reached XP level 8. HP: 46/46 MP: 7/14
  5305 | D:6      | Noticed a two-headed ogre
  5334 | D:6      | Slain by a two-headed ogre

Illustrated notes

Levels and vault maps discovered:
D:1:      giann_forest_graveyard, layout_loops_ring
D:2:      layout_basic, grunt_decor_mini_mirrors
D:3:      layout_loops_ring, mainiacjoe_overflow_surrounded_room,
          shapermc_ecumenical_altar_acropolis
D:4:      layout_rooms, st_stairs_6
D:5:      layout_layer_cave, minmay_temple_entry_statues_fountains,
          kennysheep_small_spiral, uniq_sigmund
D:6:      layout_rooms

Skill      XL: |  1  2  3  4  5  6  7 |
---------------+----------------------+-----
Short Blades   | 1 |  1.6
Fighting       | 1 2 3 |  3.5
Dodging        | 3 |  3.0
Spellcasting   | 3 4 |  4.0
Conjurations   | 5 6 |  6.5
Hexes          | 1 2 |  2.8
Translocations | 1 2 |  2.9
Stealth        | |  2.7

Action                   |  1- 3 |  4- 6 |  7- 9 || total
-------------------------+-------+-------+-------++-------
Melee: Unarmed           |     5 |       |       ||     5
       Dagger            |     4 |    66 |    45 ||   115
       Short sword       |     7 |    16 |       ||    23
       Punch             |       |     1 |       ||     1
Throw: Dart              |       |     2 |       ||     2
 Cast: Magic Dart        |    16 |    13 |       ||    29
       Searing Ray       |     2 |       |     1 ||     3
       Dazzling Flash    |       |     1 |     5 ||     6
       Iskenderun's Myst |       |       |     1 ||     1
Invok: Stomp             |       |     1 |       ||     1
       Line Pass         |       |       |     1 ||     1
Evoke: Wand              |       |     2 |     2 ||     4
  Use: Potion            |     2 |       |       ||     2
 Stab: Sleeping          |     6 |    17 |     8 ||    31
       Invisible         |       |       |     1 ||     1
       Paralysed         |       |       |     1 ||     1
Armor: Robe              |     1 |     7 |    12 ||    20
       Skin              |     3 |     6 |       ||     9
Dodge: Dodged            |    11 |    47 |    39 ||    97

Table legend: (Time is in decaauts)
 A = Elapsed time spent in this place.
 B = Non-inter-level travel time spent in this place.
 C = Inter-level travel time spent in this place.
 D = Time resting spent in this place.
 E = Time spent auto-exploring this place.
 F = Levels seen in this place.
 G = Mean time per level.
                   A        B        C        D        E       F      G
               +--------+--------+--------+--------+--------+-----+--------+
         Total |   5323 |   5136 |    187 |    150 |   4397 |   6 |  887.2 |
       Dungeon |   5323 |   5136 |    187 |    150 |   4397 |   6 |  887.2 |
               +--------+--------+--------+--------+--------+-----+--------+

Top non-repeatable levels by time:
     D:5: 1549 daAuts
     D:2: 1344 daAuts
     D:1: 991 daAuts
     D:3: 707 daAuts
     D:4: 648 daAuts
     D:6: 81 daAuts
